| TOP OF THE 1ST |
|
Johnson City Cardinals batting - Pitching for Washington (APP) Nationals : RHP Danny Clarke
|
|
Pitching: RHP Danny Clarke
|
|
|
Batting: RHB Robby Hickman
|
0-0: Called Strike 0-1: Foul Ball, location: 2F 0-2: Strikes out swinging
|
|
Batting: RHB Herbert Loveless
|
0-0: Foul Ball, location: 2F 0-1: Foul Ball, location: 2F 0-2: Foul Ball, location: 2F 0-2: Ball 1-2: Foul Ball, location: 2F 1-2: Ball 2-2: SOLO HOME RUN (Flyball, 78XD, EV 110.0 MPH), Distance : 437 ft
|
|
Batting: RHB Kyle Burns
|
0-0: Swinging Strike 0-1: Called Strike 0-2: Ball 1-2: Ground out 4-3 (Groundball, 4, EV 85.0 MPH)
|
|
Batting: LHB Billy Lang
|
0-0: Ball 1-0: Called Strike 1-1: Ball 2-1: Foul Ball, location: 2F 2-2: Strikes out swinging
|
| Top of the 1st over - 1 run, 1 hit, 0 errors, 0 left on base; Johnson City 1 - Washington (APP) 0 |
| BOTTOM OF THE 1ST |
|
Washington (APP) Nationals batting - Pitching for Johnson City Cardinals : LHP Hylnur Albertsson
|
|
Pitching: LHP Hylnur Albertsson
|
|
|
Batting: RHB Justin Van Houten
|
0-0: Called Strike 0-1: Called Strike 0-2: Ball 1-2: Foul Ball, location: 2F 1-2: Ball 2-2: Ground out 6-3 (Groundball, 6, EV 85.0 MPH)
|
|
Batting: RHB Antonio Vallez
|
0-0: Called Strike 0-1: Ball 1-1: Swinging Strike 1-2: Ball 2-2: SOLO HOME RUN (Flyball, 78XD, EV 104.4 MPH), Distance : 427 ft
|
|
Batting: RHB Antonio Laurel
|
0-0: Ball 1-0: DOUBLE (Line Drive, 7LS, EV 110.0 MPH)
|
|
Batting: RHB Lamar Thornton
|
0-0: Ball 1-0: Called Strike 1-1: DOUBLE (Flyball, 89XD, EV 103.1 MPH) Antonio Laurel scores
|
|
Batting: LHB Chance McWilliams
|
0-0: Called Strike 0-1: Called Strike 0-2: Foul Ball, location: 2F 0-2: Ground out 1-3 (Groundball, 13S, EV 68.1 MPH) Lamar Thornton to third
|
|
Batting: RHB Leo Gutierrez
|
0-0: Ball Wild Pitch! Lamar Thornton scores 1-0: DOUBLE (Line Drive, 89D, EV 101.2 MPH)
|
|
Batting: RHB Er Le
|
0-0: Ball 1-0: Called Strike 1-1: Called Strike 1-2: Foul Ball, location: 2F 1-2: DOUBLE (Line Drive, 78D, EV 106.9 MPH) Leo Gutierrez scores
|
|
Batting: RHB Jason Ewert
|
0-0: SINGLE (Groundball, 56S, EV 61.2 MPH) (infield hit) Er Le to third
|
|
Batting: LHB Jim Weidman
|
0-0: SINGLE (Groundball, 34D, EV 100.0 MPH) Er Le scores Jason Ewert to second
|
|
Pitching: RHP Daniel Boulter
|
|
|
Batting: RHB Justin Van Houten
|
0-0: Ball 1-0: Foul Ball, location: 2F 1-1: Foul Ball, location: 2F 1-2: Ball 2-2: Foul Ball, location: 2F 2-2: Ball 3-2: Base on Balls Jason Ewert to third Jim Weidman to second
|
|
Batting: RHB Antonio Vallez
|
0-0: Called Strike 0-1: DOUBLE (Groundball, 3L, EV 93.8 MPH) Jason Ewert scores Jim Weidman scores Justin Van Houten to third
|
|
Batting: RHB Antonio Laurel
|
0-0: Foul Ball, location: 2F 0-1: Ball 1-1: Fly out, F8 (Flyball, 8RD, EV 91.9 MPH)
|
| Bottom of the 1st over - 7 runs, 8 hits, 0 errors, 2 left on base; Johnson City 1 - Washington (APP) 7 |
| TOP OF THE 2ND |
|
Johnson City Cardinals batting - Pitching for Washington (APP) Nationals : RHP Danny Clarke
|
|
Batting: RHB Adam Hudson
|
0-0: Foul Ball, location: 2F 0-1: Ball 1-1: Ball 2-1: Swinging Strike 2-2: Foul Ball, location: 2F 2-2: Ball 3-2: Strikes out swinging
|
|
Batting: RHB Alex Melgoza
|
0-0: Ball 1-0: Called Strike 1-1: Ball 2-1: Ground out 4-3 (Groundball, 4, EV 101.9 MPH)
|
|
Batting: RHB Tim Williams
|
0-0: Called Strike 0-1: Called Strike 0-2: Foul Ball, location: 2F 0-2: Strikes out swinging
|
| Top of the 2nd over - 0 runs, 0 hits, 0 errors, 0 left on base; Johnson City 1 - Washington (APP) 7 |
| BOTTOM OF THE 2ND |
|
Washington (APP) Nationals batting - Pitching for Johnson City Cardinals : RHP Daniel Boulter
|
|
Batting: RHB Lamar Thornton
|
0-0: Foul Ball, location: 2F 0-1: Ball 1-1: SINGLE (Flyball, 3D, EV 94.4 MPH)
|
|
Batting: LHB Chance McWilliams
|
0-0: Called Strike 0-1: Called Strike 0-2: Ball 1-2: Ball 2-2: Ball 3-2: SINGLE (Groundball, 34S, EV 88.8 MPH) (infield hit) Lamar Thornton to second
|
|
Batting: RHB Leo Gutierrez
|
0-0: Called Strike 0-1: Swinging Strike 0-2: Ball 1-2: Ball 2-2: Ball 3-2: Foul Ball, location: 2F 3-2: Fly out, F9 (Flyball, 9LM, EV 83.1 MPH)
|
|
Pitching: LHP Heriberto Flores
|
|
|
Batting: RHB Er Le
|
0-0: Called Strike 0-1: Called Strike 0-2: Ball 1-2: Ball 2-2: Foul Ball, location: 2F 2-2: Ball 3-2: Foul Ball, location: 2F 3-2: Base on Balls Lamar Thornton to third Chance McWilliams to second
|
|
Batting: RHB Jason Ewert
|
0-0: Ball 1-0: TRIPLE (Line Drive, 7LD, EV 101.9 MPH) Lamar Thornton scores Chance McWilliams scores Er Le scores
|
|
Batting: LHB Jim Weidman
|
0-0: 2-RUN HOME RUN (Flyball, 9D, EV 94.4 MPH), Distance : 356 ft
|
|
Batting: RHB Justin Van Houten
|
0-0: Foul Ball, location: 2F 0-1: Fly out, F8 (Flyball, 8LD, EV 80.6 MPH)
|
|
Batting: RHB Antonio Vallez
|
0-0: Ball 1-0: Called Strike 1-1: Foul Ball, location: 2F 1-2: Ball 2-2: SINGLE (Groundball, 56D, EV 98.1 MPH)
|
|
Batting: RHB Antonio Laurel
|
0-0: Ball 1-0: Ball 2-0: Foul Ball, location: 2F 2-1: Ball 3-1: Base on Balls Antonio Vallez to second
|
|
Batting: RHB Lamar Thornton
|
0-0: Called Strike 0-1: SINGLE (Flyball, 78S, EV 91.9 MPH) Antonio Vallez to third Antonio Laurel to second Throwing error, E8 Antonio Vallez scores Antonio Laurel to third Lamar Thornton to second
|
|
Pitching: RHP Emmanuel Godfrey
|
|
|
Batting: LHB Chance McWilliams
|
0-0: Ball 1-0: Ball 2-0: Called Strike 2-1: Foul Ball, location: 2F 2-2: Ball 3-2: Base on Balls
|
|
Batting: RHB Leo Gutierrez
|
0-0: Swinging Strike 0-1: SINGLE (Groundball, 3S, EV 69.4 MPH) (infield hit) Antonio Laurel scores Lamar Thornton to third Chance McWilliams to second
|
|
Batting: RHB Er Le
|
0-0: Called Strike 0-1: Hit by Pitch Lamar Thornton scores Chance McWilliams to third Leo Gutierrez to second
|
|
Batting: RHB Jason Ewert
|
0-0: Ball 1-0: Ball 2-0: Foul Ball, location: 2F 2-1: GRAND SLAM HOME RUN (Flyball, 7D, EV 111.9 MPH), Distance : 405 ft
|
|
Pitching: RHP Francisco Galindo
|
|
|
Batting: LHB Jim Weidman
|
0-0: Foul Ball, location: 2F 0-1: Ball 1-1: Called Strike 1-2: Foul Ball, location: 2F 1-2: Foul Ball, location: 2F 1-2: Ball 2-2: Ball 3-2: Base on Balls
|
|
Batting: RHB Justin Van Houten
|
0-0: Ball 1-0: Called Strike 1-1: Ball 2-1: Foul Ball, location: 2F 2-2: Foul Ball, location: 2F 2-2: 2-RUN HOME RUN (Flyball, 78XD, EV 111.9 MPH), Distance : 420 ft
|
|
Batting: RHB Antonio Vallez
|
0-0: Ball 1-0: Foul Ball, location: 2F 1-1: Swinging Strike 1-2: Strikes out swinging
|
| Bottom of the 2nd over - 14 runs, 9 hits, 1 error, 0 left on base; Johnson City 1 - Washington (APP) 21 |
| TOP OF THE 3RD |
|
Johnson City Cardinals batting - Pitching for Washington (APP) Nationals : RHP Danny Clarke
|
|
Batting: RHB Bobby Miles
|
0-0: Called Strike 0-1: Ball 1-1: Foul Ball, location: 2F 1-2: Strikes out looking
|
|
Batting: RHB Edgar Klockow
|
0-0: Called Strike 0-1: Ball 1-1: Ball 2-1: Ball 3-1: Base on Balls
|
|
Batting: RHB Robby Hickman
|
0-0: Called Strike Edgar Klockow is caught stealing 2nd base 2-4 0-1: Ball 1-1: Swinging Strike 1-2: Strikes out swinging
|
| Top of the 3rd over - 0 runs, 0 hits, 0 errors, 0 left on base; Johnson City 1 - Washington (APP) 21 |
| BOTTOM OF THE 3RD |
|
Washington (APP) Nationals batting - Pitching for Johnson City Cardinals : RHP Francisco Galindo
|
|
Pitching: RHP Kiyoyuki Abe
|
|
|
Batting: RHB Antonio Laurel
|
0-0: Foul Ball, location: 2F 0-1: Called Strike 0-2: SOLO HOME RUN (Flyball, 89XD, EV 103.8 MPH), Distance : 393 ft
|
|
Batting: RHB Lamar Thornton
|
0-0: Called Strike 0-1: Called Strike 0-2: Fly out, F4 (Line Drive, 4, EV 66.2 MPH)
|
|
Batting: LHB Chance McWilliams
|
0-0: Ball 1-0: Ball 2-0: Ball 3-0: Base on Balls
|
|
Batting: RHB Leo Gutierrez
|
0-0: Ball 1-0: Foul Ball, location: 2F 1-1: Ball 2-1: Ball 3-1: Foul Ball, location: 2F 3-2: Fly out, F4 (Line Drive, 4, EV 66.2 MPH)
|
|
Batting: RHB Er Le
|
0-0: SINGLE (Groundball, 6D, EV 94.4 MPH) Chance McWilliams to second
|
|
Batting: RHB Jason Ewert
|
0-0: Called Strike 0-1: Swinging Strike 0-2: Fly out, F4 (Line Drive, 4, EV 63.8 MPH)
|
| Bottom of the 3rd over - 1 run, 2 hits, 0 errors, 2 left on base; Johnson City 1 - Washington (APP) 22 |
| TOP OF THE 4TH |
|
Johnson City Cardinals batting - Pitching for Washington (APP) Nationals : RHP Danny Clarke
|
|
Batting: RHB Herbert Loveless
|
0-0: Called Strike 0-1: Called Strike 0-2: Strikes out swinging
|
|
Batting: RHB Kyle Burns
|
0-0: SOLO HOME RUN (Flyball, 89XD, EV 104.4 MPH), Distance : 408 ft
|
|
Batting: LHB Billy Lang
|
0-0: Ball 1-0: Foul Ball, location: 2F 1-1: Called Strike 1-2: Ground out 5-3 (Groundball, 56, EV 88.1 MPH)
|
|
Batting: RHB Adam Hudson
|
0-0: Swinging Strike 0-1: Ground out 6-3 (Groundball, 6M, EV 81.2 MPH)
|
| Top of the 4th over - 1 run, 1 hit, 0 errors, 0 left on base; Johnson City 2 - Washington (APP) 22 |
| BOTTOM OF THE 4TH |
|
Washington (APP) Nationals batting - Pitching for Johnson City Cardinals : RHP Kiyoyuki Abe
|
|
Pitching: RHP Mark Rivera
|
|
|
Batting: LHB Jim Weidman
|
0-0: Ball 1-0: Called Strike 1-1: Ball 2-1: Foul Ball, location: 2F 2-2: DOUBLE (Line Drive, 78M, EV 108.1 MPH)
|
|
Batting: RHB Justin Van Houten
|
0-0: Ball 1-0: Ball 2-0: Called Strike 2-1: 2-RUN HOME RUN (Flyball, 8RXD, EV 115.0 MPH), Distance : 444 ft
|
|
Batting: RHB Antonio Vallez
|
0-0: Called Strike 0-1: Ball 1-1: Ball 2-1: Ball 3-1: Foul Ball, location: 2F 3-2: Strikes out swinging
|
|
Batting: RHB Antonio Laurel
|
0-0: Ball 1-0: Ground out 5-3 (Groundball, 56, EV 88.8 MPH)
|
|
Batting: RHB Lamar Thornton
|
0-0: Ball 1-0: Swinging Strike 1-1: Swinging Strike 1-2: Strikes out swinging
|
| Bottom of the 4th over - 2 runs, 2 hits, 0 errors, 0 left on base; Johnson City 2 - Washington (APP) 24 |
| TOP OF THE 5TH |
|
Johnson City Cardinals batting - Pitching for Washington (APP) Nationals : RHP Danny Clarke
|
|
Batting: RHB Alex Melgoza
|
0-0: Called Strike 0-1: Ball 1-1: Ball 2-1: Ball 3-1: Foul Ball, location: 2F 3-2: Strikes out swinging
|
|
Batting: RHB Tim Williams
|
0-0: Called Strike 0-1: Fly out, F9 (Flyball, 89D, EV 93.8 MPH)
|
|
Batting: RHB Bobby Miles
|
0-0: Swinging Strike 0-1: Hit by Pitch
|
|
Batting: RHB Edgar Klockow
|
0-0: Ball 1-0: Ball Bobby Miles steals 2nd, throwing error, E2 Bobby Miles to third 2-0: Called Strike 2-1: Foul Ball, location: 2F 2-2: Strikes out swinging
|
| Top of the 5th over - 0 runs, 0 hits, 1 error, 1 left on base; Johnson City 2 - Washington (APP) 24 |
| BOTTOM OF THE 5TH |
|
Washington (APP) Nationals batting - Pitching for Johnson City Cardinals : RHP Mark Rivera
|
|
Pitching: RHP Jim Morse
|
|
|
Batting: LHB Chance McWilliams
|
0-0: Called Strike 0-1: Ball 1-1: Ball 2-1: Ball 3-1: Called Strike 3-2: Foul Ball, location: 2F 3-2: Foul Ball, location: 2F 3-2: DOUBLE (Line Drive, 78XD, EV 108.8 MPH)
|
|
Batting: RHB Leo Gutierrez
|
0-0: Called Strike 0-1: Called Strike 0-2: Ball 1-2: Ball 2-2: SINGLE (Line Drive, 4D, EV 98.8 MPH) Chance McWilliams to third
|
|
Batting: RHB Er Le
|
0-0: Ball 1-0: Fly out, F4 (Line Drive, 4, EV 68.8 MPH)
|
|
Batting: RHB Jason Ewert
|
0-0: Foul Ball, location: 2F 0-1: SINGLE (Groundball, 34D, EV 97.5 MPH) Chance McWilliams scores Leo Gutierrez to second Runner from 2nd tries for 3rd, SAFE, throw by RF made to third Jason Ewert to second
|
|
Batting: LHB Jim Weidman
|
0-0: Ball 1-0: Foul Ball, location: 2F 1-1: Ground out 6-3 (Groundball, 6MS, EV 84.4 MPH) Leo Gutierrez scores Jason Ewert to third
|
|
Pitching: RHP David Lopez
|
|
|
Batting: RHB Justin Van Houten
|
0-0: Ball 1-0: Foul Ball, location: 2F 1-1: Ball 2-1: Ball 3-1: Base on Balls
|
|
Batting: RHB Antonio Vallez
|
0-0: Fielders Choice at 2nd, 5-4 (Groundball, 5L, EV 86.9 MPH)
|
| Bottom of the 5th over - 2 runs, 3 hits, 0 errors, 2 left on base; Johnson City 2 - Washington (APP) 26 |
| TOP OF THE 6TH |
|
Johnson City Cardinals batting - Pitching for Washington (APP) Nationals : RHP Danny Clarke
|
|
Batting: RHB Robby Hickman
|
0-0: Foul Ball, location: 2F 0-1: Called Strike 0-2: Ball 1-2: Ball 2-2: Ball 3-2: SINGLE (Line Drive, 7LS, EV 111.9 MPH)
|
|
Batting: RHB Herbert Loveless
|
0-0: Ball 1-0: Called Strike Robby Hickman steals 2nd base 1-1: 2-RUN HOME RUN (Flyball, 9LD, EV 88.8 MPH), Distance : 334 ft
|
|
Pitching: RHP Manny Mendoza
|
|
|
Batting: RHB Kyle Burns
|
0-0: Ground out 6-3 (Groundball, 6, EV 87.5 MPH)
|
|
Batting: LHB Billy Lang
|
0-0: Foul Ball, location: 2F 0-1: Called Strike 0-2: SINGLE (Line Drive, 7S, EV 98.8 MPH)
|
|
Batting: RHB Adam Hudson
|
0-0: Fly out, F7 (Flyball, 7S, EV 95.0 MPH)
|
|
Batting: RHB Alex Melgoza
|
0-0: Ball 1-0: Ball 2-0: Ball 3-0: Base on Balls Billy Lang to second
|
|
Batting: RHB Tim Williams
|
0-0: Ball 1-0: Ball 2-0: Foul Ball, location: 2F 2-1: Foul Ball, location: 2F 2-2: Ground out 5-3 (Groundball, 56S, EV 81.9 MPH)
|
| Top of the 6th over - 2 runs, 3 hits, 0 errors, 2 left on base; Johnson City 4 - Washington (APP) 26 |
| BOTTOM OF THE 6TH |
|
Washington (APP) Nationals batting - Pitching for Johnson City Cardinals : RHP David Lopez
|
|
Batting: RHB Antonio Laurel
|
0-0: Foul Ball, location: 2F 0-1: Ground out 6-3 (Groundball, 6, EV 98.8 MPH)
|
|
Batting: RHB Lamar Thornton
|
0-0: Swinging Strike 0-1: Ball 1-1: Ball 2-1: Ball 3-1: Foul Ball, location: 2F 3-2: Strikes out swinging
|
|
Batting: LHB Chance McWilliams
|
0-0: Ball 1-0: Called Strike 1-1: Ball 2-1: Ball 3-1: Base on Balls
|
|
Batting: RHB Leo Gutierrez
|
0-0: Ball 1-0: Ball 2-0: Foul Ball, location: 2F 2-1: Foul Ball, location: 2F 2-2: Fielders Choice at 2nd, 5-4 (Groundball, 56, EV 81.9 MPH)
|
| Bottom of the 6th over - 0 runs, 0 hits, 0 errors, 1 left on base; Johnson City 4 - Washington (APP) 26 |
| TOP OF THE 7TH |
|
Johnson City Cardinals batting - Pitching for Washington (APP) Nationals : RHP Manny Mendoza
|
|
Batting: RHB Bobby Miles
|
0-0: Ground out 6-3 (Groundball, 56, EV 81.2 MPH)
|
|
Batting: RHB Edgar Klockow
|
0-0: DOUBLE (Line Drive, 8RXD, EV 107.5 MPH)
|
|
Batting: RHB Robby Hickman
|
0-0: Ball 1-0: Foul Ball, location: 2F 1-1: Ball 2-1: Ball 3-1: Fly out, F7 (Line Drive, 7, EV 110.0 MPH)
|
|
Batting: RHB Herbert Loveless
|
0-0: Called Strike 0-1: Ball 1-1: Ball 2-1: Called Strike 2-2: Foul Ball, location: 2F 2-2: Strikes out swinging
|
| Top of the 7th over - 0 runs, 1 hit, 0 errors, 1 left on base; Johnson City 4 - Washington (APP) 26 |
| BOTTOM OF THE 7TH |
|
Washington (APP) Nationals batting - Pitching for Johnson City Cardinals : RHP David Lopez
|
|
Batting: RHB Er Le
|
0-0: Called Strike 0-1: Ball 1-1: SOLO HOME RUN (Flyball, 7LD, EV 100.6 MPH), Distance : 371 ft
|
|
Batting: RHB Jason Ewert
|
0-0: Ball 1-0: Ball 2-0: Called Strike 2-1: Foul Ball, location: 2F 2-2: Foul Ball, location: 2F 2-2: Ball 3-2: Foul Ball, location: 2F 3-2: Base on Balls
|
|
Batting: LHB Jim Weidman
|
0-0: Called Strike 0-1: Ball 1-1: Called Strike 1-2: Foul Ball, location: 2F 1-2: Ball 2-2: Strikes out swinging
|
|
Batting: RHB Justin Van Houten
|
0-0: Ball 1-0: Ball 2-0: Ball 3-0: Called Strike 3-1: Called Strike 3-2: Base on Balls Jason Ewert to second
|
|
Batting: RHB Antonio Vallez
|
0-0: Called Strike 0-1: Fly out, F7 (Flyball, 7, EV 86.2 MPH)
|
|
Batting: RHB Antonio Laurel
|
0-0: Ball 1-0: Ball 2-0: Foul Ball, location: 2F 2-1: SINGLE (Groundball, 56D, EV 108.1 MPH) Jason Ewert to third Justin Van Houten to second Runner from 3rd tries for Home, SAFE, throw by LF to home
|
|
Batting: RHB Lamar Thornton
|
0-0: Ball 1-0: Swinging Strike 1-1: Ball 2-1: Foul Ball, location: 2F 2-2: 3-RUN HOME RUN (Flyball, 7D, EV 110.6 MPH), Distance : 420 ft
|
|
Pitching: RHP Mario Machado
|
|
|
Batting: LHB Chance McWilliams
|
0-0: Swinging Strike 0-1: Ground out U3 (Groundball, 3, EV 86.2 MPH)
|
| Bottom of the 7th over - 5 runs, 3 hits, 0 errors, 0 left on base; Johnson City 4 - Washington (APP) 31 |
| TOP OF THE 8TH |
|
Johnson City Cardinals batting - Pitching for Washington (APP) Nationals : RHP Manny Mendoza
|
|
Pitching: LHP Mike Rosas
|
|
|
Batting: RHB Kyle Burns
|
0-0: Ball 1-0: Foul Ball, location: 2F 1-1: Foul Ball, location: 2F 1-2: Foul Ball, location: 2F 1-2: Strikes out swinging
|
|
Batting: LHB Billy Lang
|
0-0: Ground out 6-3 (Groundball, 6S, EV 66.9 MPH)
|
|
Batting: RHB Adam Hudson
|
0-0: Ball 1-0: Called Strike 1-1: Foul Ball, location: 2F 1-2: Ball 2-2: Strikes out swinging
|
| Top of the 8th over - 0 runs, 0 hits, 0 errors, 0 left on base; Johnson City 4 - Washington (APP) 31 |
| BOTTOM OF THE 8TH |
|
Washington (APP) Nationals batting - Pitching for Johnson City Cardinals : RHP Mario Machado
|
|
Batting: RHB Leo Gutierrez
|
0-0: Reached on error, E6 (Groundball, 6, EV 103.1 MPH)
|
|
Batting: RHB Er Le
|
0-0: Called Strike 0-1: Ball 1-1: Ball 2-1: Swinging Strike 2-2: Foul Ball, location: 2F 2-2: Ball 3-2: Strikes out swinging
|
|
Batting: RHB Jason Ewert
|
0-0: Reached on error, E6 (Groundball, 6S, EV 88.8 MPH) Leo Gutierrez to second
|
|
Batting: LHB Jim Weidman
|
0-0: Ball 1-0: Ball 2-0: Fly out, F9 (Line Drive, 9, EV 98.8 MPH)
|
|
Batting: RHB Justin Van Houten
|
0-0: Ball 1-0: Ball 2-0: Ball 3-0: Called Strike 3-1: Foul Ball, location: 2F 3-2: Foul Ball, location: 2F 3-2: Base on Balls Leo Gutierrez to third Jason Ewert to second
|
|
Batting: RHB Antonio Vallez
|
0-0: Ball 1-0: Ball 2-0: Fly out, F9 (Flyball, 89D, EV 90.0 MPH)
|
| Bottom of the 8th over - 0 runs, 0 hits, 2 errors, 3 left on base; Johnson City 4 - Washington (APP) 31 |
| TOP OF THE 9TH |
|
Johnson City Cardinals batting - Pitching for Washington (APP) Nationals : LHP Mike Rosas
|
|
Batting: RHB Alex Melgoza
|
0-0: Ball 1-0: Ball 2-0: Ball 3-0: Base on Balls
|
|
Batting: RHB Tim Williams
|
0-0: Fly out, F7 (Flyball, 7D, EV 78.8 MPH)
|
|
Batting: RHB Bobby Miles
|
0-0: Foul Ball, location: 2F 0-1: Fly out, F8 (Line Drive, 8RM, EV 95.6 MPH)
|
|
Batting: RHB Edgar Klockow
|
0-0: Ball 1-0: Foul Ball, location: 2F 1-1: Fielders Choice at 2nd, 6-4 (Groundball, 6, EV 85.6 MPH)
|
| Top of the 9th over - 0 runs, 0 hits, 0 errors, 1 left on base; Johnson City 4 - Washington (APP) 31 |
|